 Seeded DCSS version 0.28-a0-1199-gef9e1dbd39 (webtiles) character file.

Game seed: 8497199455147759587 (custom seed)

116 ytrimaz the Insei (level 5, -12/34 HPs)
             Began as an Octopode Transmuter on Dec 19, 2021.
             Killed by nerve-wracking pain
             ... invoked by Grinder
              (14 damage)
             ... on level 3 of the Dungeon.
             The game lasted 00:03:45 (3196 turns).

ytrimaz the Insei (Octopode Transmuter)             Turns: 3196, Time: 00:03:45

Health: -12/34     AC:  1    Str:  9    XL:     5   Next: 1%
Magic:  2/9        EV: 13    Int: 18    God:
Gold:   101        SH:  0    Dex: 12    Spells: 3/9 levels left

rFire   . . .      SeeInvis .     - Unarmed
rCold   . . .      Faith    .   (no shield)
rNeg    . . .      Spirit   .   (helmet restricted)
rPois   .          Reflect  .   (no amulet)
rElec   .          Harm     .   (no ring)
rCorr   .          Rampage  .   (no ring)
Will    .....      Clarity  +   (no ring)
Stlth   ++........              (no ring)
HPRegen 0.11/turn               (no ring)
MPRegen 0.11/turn               (no ring)
                                (no ring)
                                (no ring)

@: no status effects
A: almost no armour, amphibious, 8 rings, camouflage 1, gelatinous body 1,
(nimble swimmer 1), tentacles, clarity, wild magic 1, no potion heal 1,
MP-powered wands
a: no special abilities


You were on level 3 of the Dungeon.
You visited 1 branch of the dungeon, and saw 3 of its levels.

You collected 101 gold pieces.

Inventory:

Jewellery
 f - a ring of ice
Scrolls
 a - a scroll of silence
 c - a scroll of fear


   Skills:
 * Level 1.8 Fighting
 - Level 2.0 Dodging
 + Level 3.8 Unarmed Combat
 * Level 2.9 Spellcasting
 * Level 3.2 Transmutations


You had 3 spell levels left.
You knew the following spells:

 Your Spells              Type           Power      Damage    Failure   Level
a - Beastly Appendage     Tmut           36%        N/A       7%          1
b - Wereblood             Tmut           18%        N/A       11%         2
c - Spider Form           Tmut/Pois      11%        N/A       34%         3

Your spell library contained the following spells:

 Spells                   Type           Power      Damage    Failure   Level
 Pain                     Necr           12%        1d4       24%         1
 Ice Form                 Ice/Tmut       11%        N/A       71%         4
 Agony                    Necr           3%         N/A       99%         5
 Excruciating Wounds      Necr           1%         N/A       99%         5


Dungeon Overview and Level Annotations

Branches:
Dungeon (3/15)

Altars:

Annotations:
D:3 Grinder


Innate Abilities, Weirdness & Mutations

You cannot wear most types of armour.
You are amphibious.
You can wear up to eight rings at the same time.
Your skin changes colour to match your surroundings (Stealth+).
Your rubbery body absorbs attacks. (AC +1, EV +1)
((You are camouflaged near water. (Stealth+)))
You have tentacles for arms and can constrict up to eight enemies at once.
You possess an exceptional clarity of mind.
Your spells are a little harder to cast, but a little more powerful.
Potions are less effective at restoring your health.
You expend magic power (3 MP) to strengthen your wands.


Message History

Grinder gestures at you. Pain shoots through your body!
Unknown command.
It was a potion of mutation.
You feel extremely strange.
Your system partially rejects the healing effects of potions.
Your thoughts seem clearer.
You feel your magical essence link to the dungeon's wands.
You feel less in control of your magic. The orc closely misses you.
You hit the orc but do no damage.
The orc hits you with a +1 flail of protection.
You hit the orc but do no damage.
The orc is poisoned.
The orc barely misses you.
Unknown command.
You hit the orc but do no damage. The orc barely misses you.
Unknown command.
You hit the orc but do no damage. The orc closely misses you.
It was a potion of curing.
Your system partially rejects the healing.
You feel better. The orc completely misses you.
Your magical contamination has completely faded away.
You hit the orc.
The orc looks even sicker.
The orc is heavily wounded.
The orc hits you with a +1 flail of protection!
You barely miss the orc.
The orc is heavily wounded.
The orc hits you with a +1 flail of protection!
* * * LOW HITPOINT WARNING * * *
Unknown command.
You hit the orc.
The orc looks as sick as possible!
The orc is severely wounded.
You kill the orc!
You have reached level 5!
You feel clever.
You hit Grinder.
Grinder is lightly wounded.
Your transformation has ended.
Grinder gestures at you. Pain shoots through your body!
You die...

........#....... ##.
.........<...### ## #..
[..........#..##
#..#.##........##.##...
##.##.#...##.#.. ..####.
######..#..#5# #.#.#..##....
#.........#..# ##.#.#...#....
#..........5####<.....#......
#...........@................
#........######..............
#........######............>.
#........##.............#..[.
#........#..###.........##.##
####.###...## #.........
#..##..######.........
#.###.#.............# ###
#...####........#


You could see Grinder.

Vanquished Creatures
  Natasha (D:3)
  An adder (D:2)
  2 worms (D:2)
  2 dart slugs (D:1)
  An orc (D:3)
  6 ball pythons
  4 bats
  6 endoplasms
  7 giant cockroaches
  7 hobgoblins
  4 jackals (D:2)
  2 quokkas
  2 frilled lizards (D:2)
  8 goblins
  7 kobolds
  3 rats
63 creatures vanquished.

Notes
Turn   | Place    | Note
-------+----------+-------------------------------------------
     0 | D:1      | ytrimaz the Octopode Transmuter began the quest for the
                  | Orb.
     0 | D:1      | Reached XP level 1. HP: 13/13 MP: 3/3
   297 | D:1      | Reached XP level 2. HP: 18/18 MP: 5/5
   308 | D:1      | Learned a level 2 spell: Wereblood
   791 | D:1      | Reached XP level 3. HP: 23/23 MP: 6/6
   799 | D:1      | Learned a level 3 spell: Spider Form
  2006 | D:2      | Found a faded altar of an unknown god.
  2013 | D:2      | Reached XP level 4. HP: 24/28 MP: 5/7
  2853 | D:3      | Noticed Grinder
  2854 | D:3      | Paralysed by Grinder for 6 turns
  2869 | D:3      | Noticed Natasha
  2878 | D:3      | Killed Natasha
  3186 | D:3      | Gained mutation: Potions are less effective at restoring
                  | your health. [potion of mutation]
  3186 | D:3      | Gained mutation: You possess an exceptional clarity of
                  | mind. [potion of mutation]
  3186 | D:3      | Gained mutation: You expend magic power (3 MP) to
                  | strengthen your wands. [potion of mutation]
  3186 | D:3      | Gained mutation: Your spells are a little harder to cast,
                  | but a little more powerful. [potion of mutation]
  3194 | D:3      | HP: 1/29 [orc (8)]
  3196 | D:3      | Reached XP level 5. HP: 1/34 MP: 2/9
  3196 | D:3      | Killed from afar by Grinder

Illustrated notes

Levels and vault maps discovered:
D:1:      eino_arrival_water_star, layout_basic, minmay_tromino_v4_a
D:2:      layout_loops_ring, chequers_ecumenical_altar_island,
          small_statue_intersection, amcnicky_mini_corridor_feature
D:3:      layout_rooms, uniq_grinder, uniq_natasha

Skill      XL: |  1  2  3  4 |
---------------+-------------+-----
Transmutations | 3 |  3.2
Fighting       | |  1.8
Dodging        | |  2.0
Unarmed Combat | |  3.8
Spellcasting   | |  2.9

Action                   |  1- 3 |  4- 6 || total
-------------------------+-------+-------++-------
Melee: Unarmed           |   104 |    51 ||   155
       Constrict         |    27 |    11 ||    38
       Kick              |    16 |     6 ||    22
       Tentacles         |    11 |     5 ||    16
       Punch             |     1 |       ||     1
 Cast: Beastly Appendage |    20 |    12 ||    32
       Spider Form       |     1 |     2 ||     3
       Wereblood         |     1 |       ||     1
  Use: Potion            |     1 |     2 ||     3
       Scroll            |     3 |     4 ||     7
 Stab: Sleeping          |     2 |     5 ||     7
Armor: Skin              |     3 |     1 ||     4
Dodge: Dodged            |    59 |    24 ||    83

Table legend: (Time is in decaauts)
 A = Elapsed time spent in this place.
 B = Non-inter-level travel time spent in this place.
 C = Inter-level travel time spent in this place.
 D = Time resting spent in this place.
 E = Time spent auto-exploring this place.
 F = Levels seen in this place.
 G = Mean time per level.
                   A        B        C        D        E       F      G
               +--------+--------+--------+--------+--------+-----+--------+
         Total |   3186 |   3142 |     44 |    268 |   2320 |   3 | 1062.0 |
       Dungeon |   3186 |   3142 |     44 |    268 |   2320 |   3 | 1062.0 |
               +--------+--------+--------+--------+--------+-----+--------+

Top non-repeatable levels by time:
     D:2: 1781 daAuts
     D:1: 1240 daAuts
     D:3: 165 daAuts
